 Dungeon Crawl Stone Soup version 0.30-a0-620-g0e44632947 (webtiles) character file.

Game seed: 5827903056134330817

4298 Malachi the Warrior (level 10, -1/51 HPs)
             Began as a Felid Monk on Jan 10, 2023.
             Was an Initiate of Jiyva.
             Succumbed to wpisznazwe's ghost's poison
             ... on level 9 of the Dungeon.
             The game lasted 00:23:26 (13626 turns).

Malachi the Warrior (Felid Monk)                   Turns: 13626, Time: 00:23:26

Health: -1/51      AC:  2    Str: 13    XL:     10   Next: 11%
Magic:  11/11      EV: 24    Int: 22    God:    Jiyva [......]
Gold:   121        SH:  0    Dex: 16    Spells: 9/9 levels left
                                        Lives:  0   Deaths: 2

rFire   + . .      SeeInvis +      - Unarmed
rCold   . . .      Faith    .    (shield unavailable)
rNeg    + . .      Spirit   .    (body armour unavailable)
rPois   .          Reflect  .    (helmet unavailable)
rElec   .          Harm     .    (cloak unavailable)
rCorr   .          Rampage  .    (gloves unavailable)
Will    ++...                    (boots unavailable)
Stlth   +++++                    l - amulet "Hosiy" {RegenMP Fragile Will+ Int+6 Dex-3}
HPRegen 0.28/turn                e - ring of positive energy
MPRegen 0.52/turn                k - +6 ring of strength

@: lethally poisoned (-1 -> -10), quick
A: very small, claws 1, fangs 3, see invisible, speed 1, shaggy fur 2, no hexes
magic, no ice magic, no summoning magic, stealthy paws, no weapons or thrown
items, no armour, multi-lived, fire resistance 1, frail 1, screaming 1
a: Renounce Religion


You were on level 9 of the Dungeon.
You worshipped Jiyva.
Jiyva was noncommittal.
You visited 2 branches of the dungeon, and saw 11 of its levels.
You also visited: Bailey.

You collected 554 gold pieces.
You spent 433 gold pieces at shops.

Inventory:

Jewellery
 e - a ring of positive energy (left paw)
 k - a +6 ring of strength (right paw)
 l - the amulet "Hosiy" (around neck) {RegenMP Fragile Will+ Int+6 Dex-3}
   (You bought it in a shop on level 6 of the Dungeon)

   [amulet of magic regeneration]

   It increases your rate of magic regeneration.
   Int:       It affects your intelligence (+6).
   Dex:       It affects your dexterity (-3).
   Fragile:   It will be destroyed if unequipped.
   Will:      It increases your willpower.
Wands
 a - a wand of flame (7)
 b - a wand of roots (7)
 f - a wand of charming (4)
Scrolls
 c - 4 scrolls of teleportation
Potions
 g - a potion of flight
 h - a potion of brilliance
 n - a potion of magic


   Skills:
 - Level 15.0 Fighting
 + Level 11.3 Dodging
 + Level 12.7 Stealth
 + Level 8.8 Unarmed Combat
 - Level 6.0 Evocations


You had 9 spell levels left.
You didn't know any spells.
Your spell library contained the following spells:

 Spells                   Type           Power      Damage    Failure   Level
 Magic Dart               Conj           0%         1d3       17%         1
 Static Discharge         Conj/Air       0%         2-2/arc   26%         2
 Gell's Gravitas          Tloc           0%         N/A       45%         3
 Mephitic Cloud           Conj/Pois/Air  0%         N/A       45%         3
 Teleport Other           Tloc           0%         N/A       45%         3
 Vhi's Electric Charge    Tloc/Air       0%         N/A       45%         3
 Arcjolt                  Conj/Air       0%         1d10      99%         5
 Lightning Bolt           Conj/Air       0%         1d11      99%         5
 Dispersal                Tloc           0%         N/A       100%        6
 Call Imp                 Summ           Unusable   N/A       N/A         2
 Summon Ice Beast         Ice/Summ       Unusable   N/A       N/A         4
 Summon Mana Viper        Hex/Summ       Unusable   N/A       N/A         5
 Monstrous Menagerie      Summ           Unusable   N/A       N/A         7

Dungeon Overview and Level Annotations

Branches:
Dungeon (10/15)            Temple (1/1) D:5          Bailey (visited)
   Lair: D:8-11         Orc: D:9-12

Altars:
Ashenzari
Cheibriados
Dithmenos
Elyvilon
Fedhas
Gozag
Hepliaklqana
Kikubaaqudgha
Makhleb
Nemelex Xobeh
Okawaru
Qazlal
Ru
Sif Muna
Trog
Uskayaw
Vehumet
Wu Jian
Xom
Yredelemnul
Zin
The Shining One
Jiyva

Shops:
D:6 *   D:8 [   D:9 !


Innate Abilities, Weirdness & Mutations

You have sharp claws.
You have razor-sharp teeth.
You have supernaturally acute eyesight. (SInv)
You cover ground quickly. (Speed+)
You are covered in thick fur. (AC +2)
You cannot study or cast Hexes magic.
You cannot study or cast Ice magic.
You cannot study or cast Summoning magic.
Your paws help you pounce on unaware monsters.
You are incapable of wielding weapons or throwing items.
You cannot wear armour.
You gain extra lives every three experience levels.
Your flesh is heat resistant. (rF+)
You are frail. (-10% HP)
You occasionally shout uncontrollably at your foes.


Message History

You feel very sick.
You closely miss wpisznazwe's ghost. You bite wpisznazwe's ghost.
Wpisznazwe's ghost is severely damaged.
You feel very sick.
The jelly misses wpisznazwe's ghost.
Wpisznazwe's ghost hits you!
You are lethally poisoned!
You claw wpisznazwe's ghost!
Wpisznazwe's ghost is almost destroyed.
You feel very sick.
The jelly closely misses wpisznazwe's ghost.
Wpisznazwe's ghost hits you but does no damage.
You are more poisoned.
You completely miss wpisznazwe's ghost.
Wpisznazwe's ghost is almost destroyed.
* * * LOW HITPOINT WARNING * * *
You feel very sick.
The jelly misses wpisznazwe's ghost.
Wpisznazwe's ghost misses you.
You barely miss wpisznazwe's ghost.
Wpisznazwe's ghost is almost destroyed.
* * * LOW HITPOINT WARNING * * *
You feel very sick.
The jelly looks more healthy.
The jelly hits wpisznazwe's ghost.
Wpisznazwe's ghost is splashed with acid.
Wpisznazwe's ghost completely misses you.
Okay, then.
You barely miss wpisznazwe's ghost.
Wpisznazwe's ghost is almost destroyed.
* * * LOW HITPOINT WARNING * * *
You feel very sick. Wpisznazwe's ghost barely misses you.
The jelly barely misses wpisznazwe's ghost.
The slime creature hits wpisznazwe's ghost!
Wpisznazwe's ghost is destroyed!
* * * LOW HITPOINT WARNING * * *
You feel sick.
There is an open translucent gate here.
* * * LOW HITPOINT WARNING * * *
You feel sick.
You die...

###.........###......###......
###.............................
##.............#..........##.....
.....##..........#.#####.##......
....###.#.......####.J.####......
#.#.# #.#.........#.....###......
#...# #...........'.J....##......
###.#####.........'.J..._##......
###.#.........##@.'......###....(
>..........##.†...#.....#####....
.[..........#####.##...##........
)##.#######........########......
.##.# ##........### #...... .##.#
#...........### #...... .##.####
#.............###...... .......#
#..........##..##...... .......##
#..........##..[.......


You could see 2 neutral slime creatures (fellow slime) and a neutral jelly
(wandering) (fellow slime).

Vanquished Creatures
  Harold (D:9)
  2 two-headed ogres (D:9)
  A wizard (D:9)
  2 orc knights (Bailey)
  2 deep elf pyromancers (D:9)
  A hornet (D:5)
  A troll (D:9)
  A slime creature (D:9)
  A wyvern (D:6)
  3 yaks (D:9)
  A swamp drake (D:9)
  13 orc warriors
  2 ice beasts (D:7)
  2 sky beasts
  2 ogres (D:5)
  The ghost of capka3m the Slasher, an amateur FoFi (D:3)
  A centaur (D:9)
  2 phantoms
  2 gnoll sergeants
  2 kobold brigands
  5 bullfrogs
  A necrophage (D:5)
  3 scorpions
  13 wights
  5 killer bees (D:8)
  A crimson imp (D:9)
  2 lava snakes (D:9)
  4 jellies
  3 orc priests
  5 hounds
  An iron imp (D:9)
  Jessica (D:2)
  5 iguanas
  13 orc wizards
  2 gnolls (D:5)
  12 adders
  2 shadow imps
  A white imp (D:9)
  A worm (D:4)
  4 dart slugs
  45 orcs
  4 endoplasms
  3 giant cockroaches
  7 goblins
  3 hobgoblins
  4 jackals (D:1)
  A quokka (D:1)
  5 ball pythons
  5 bats
  3 frilled lizards
  16 kobolds
  4 rats
227 creatures vanquished.

Vanquished Creatures (collateral kills)
  An orc warrior (Bailey)
1 creature vanquished.

Vanquished Creatures (others)
  The ghost of wpisznazwe the Unseen, a journeyman KoDe of Hepliaklqana (D:9)
  An orc warrior (Bailey)
  A black bear (D:7)
  An iguana (D:7)
  2 orcs
6 creatures vanquished.

Grand Total: 234 creatures vanquished

Notes
Turn   | Place    | Note
-------+----------+-------------------------------------------
     0 | D:1      | Malachi the Felid Monk began the quest for the Orb.
     0 | D:1      | Reached XP level 1. HP: 10/10 MP: 2/2
   240 | D:1      | Reached XP level 2. HP: 14/14 MP: 3/3
   933 | D:2      | Reached skill level 5 in Stealth
   952 | D:2      | Reached XP level 3. HP: 17/17 MP: 4/4
   982 | D:2      | Noticed Jessica
   987 | D:2      | Killed Jessica
  1062 | D:2      | Reached XP level 4. HP: 21/21 MP: 5/5
  1714 | D:2      | Found a faded altar of an unknown god.
  1827 | D:3      | Noticed capka3m's ghost (amateur FoFi)
  1952 | D:3      | Found a runed translucent door.
  2762 | D:3      | Killed capka3m's ghost
  2763 | D:3      | Reached skill level 1 in Evocations
  2763 | D:3      | Reached XP level 5. HP: 24/24 MP: 6/6
  3084 | D:4      | Identified the +6 hand axe "Hydrabane" {venom, Contam rF+
                  | rN+ rCorr}
  3094 | D:4      | You fall into a shaft and drop 3 floors!
  3128 | D:7      | Noticed an ice beast
  3138 | D:6      | Noticed a sky beast
  3152 | D:6      | Killed a sky beast
  3153 | D:6      | Gained mutation: You are covered in thick fur. (AC +2)
                  | [Felid growth]
  3153 | D:6      | Reached XP level 6. HP: 28/28 MP: 7/7
  3203 | D:6      | Gained mutation: You passively dampen the noise of your
                  | surroundings. [potion of mutation]
  3203 | D:6      | Gained mutation: You are dopey. (Int -2) [potion of
                  | mutation]
  3250 | D:6      | Noticed a wyvern
  3255 | D:6      | Killed a wyvern
  3256 | D:6      | Reached XP level 7. HP: 31/31 MP: 8/8
  3629 | D:6      | Reached skill level 5 in Evocations
  3978 | D:5      | Entered Level 5 of the Dungeon
  4419 | D:4      | Reached skill level 10 in Stealth
  5702 | D:5      | Reached XP level 8. HP: 26/34 MP: 9/9
  6036 | D:5      | Found a staircase to the Ecumenical Temple.
  6047 | D:5      | Identified the +1 sling "Giantslayer" {heavy, rCorr Str+2
                  | Dex+6 Stlth-}
  6167 | D:5      | Noticed a hornet
  6173 | D:5      | Paralysed by a hornet for 2 turns
  6175 | D:5      | Killed a hornet
  6176 | D:5      | Reached skill level 5 in Dodging
  6300 | D:5      | Found an opulent altar of Gozag.
  6337 | D:5      | Reached skill level 4 in Fighting
  6436 | D:5      | Found a shadowy altar of Dithmenos.
  6511 | D:5      | Found a stormy altar of Qazlal.
  6587 | D:4      | Lost mutation: You are dopey. (Int -2) [potion of mutation]
  6587 | D:4      | Lost mutation: You passively dampen the noise of your
                  | surroundings. [potion of mutation]
  6587 | D:4      | Gained mutation: You are partially covered in large bone
                  | plates. (SH +4) [potion of mutation]
  6587 | D:4      | Gained mutation: You are mostly covered in large bone
                  | plates. (SH +6) [potion of mutation]
  6587 | D:4      | Gained mutation: You are occasionally teleported next to
                  | monsters. [potion of mutation]
  6588 | D:4      | Lost mutation: You are occasionally teleported next to
                  | monsters. [potion of mutation]
  6588 | D:4      | Lost mutation: You are mostly covered in large bone plates.
                  | (SH +6) [potion of mutation]
  6588 | D:4      | Gained mutation: Your spells are a little easier to cast,
                  | but a little less powerful. [potion of mutation]
  6901 | D:6      | Found Emappen's General Store.
  7234 | Temple   | Entered the Ecumenical Temple
  7424 | Temple   | Became a worshipper of Ru the Awakened
  7430 | Temple   | Gained mutation: You cannot study or cast Ice magic. [Ru
                  | sacrifice]
  7430 | Temple   | Gained mutation: You cannot study or cast Hexes magic. [Ru
                  | sacrifice]
  7430 | Temple   | Gained mutation: You cannot study or cast Summoning magic.
                  | [Ru sacrifice]
  7430 | Temple   | Reached * piety under Ru
  7606 | D:7      | Reached XP level 9. HP: 39/39 MP: 10/10
  7873 | D:8      | Reached skill level 5 in Fighting
  7873 | D:8      | Reached skill level 5 in Unarmed Combat
  7888 | D:8      | Found Kenoozxi's Antique Armour Shop.
  7917 | D:8      | HP: 2/40 [kobold brigand/+0 short sword (9)]
  8173 | D:8      | Found a flagged portal.
  8194 | Bailey   | Entered a bailey
  8307 | Bailey   | HP: 2/40 [orc/bolt (12)]
  9153 | Bailey   | Reached skill level 6 in Fighting
  9312 | Bailey   | Noticed an orc knight
  9312 | Bailey   | Noticed an orc knight
  9319 | Bailey   | HP: 1/42 [orc knight/+0 halberd (32)]
  9361 | Bailey   | Killed an orc knight
  9376 | Bailey   | Killed an orc knight
  9377 | Bailey   | Reached XP level 10. HP: 16/46 MP: 11/11
  9724 | Bailey   | Reached skill level 14 in Fighting
  9724 | Bailey   | Reached XP level 11. HP: 60/60 MP: 12/12
 10378 | D:8      | Identified the +4 great mace "Fiur" {speed, Int+5}
 12192 | D:9      | Found a runed translucent gate.
 12200 | D:9      | Found a runed translucent gate.
 12200 | D:9      | Found a runed translucent gate.
 12203 | D:9      | Noticed wpisznazwe's ghost (journeyman KoDe)
 12210 | D:9      | Found a burning altar of Makhleb.
 12245 | D:9      | Noticed a two-headed ogre
 12246 | D:9      | Found a hide-covered altar of Uskayaw.
 12308 | D:9      | Killed a two-headed ogre
 12333 | D:9      | Reached skill level 15 in Fighting
 12333 | D:9      | Reached skill level 10 in Dodging
 12508 | D:9      | Noticed Harold
 12514 | D:9      | Killed Harold
 12517 | D:9      | Noticed a wizard
 12524 | D:9      | Killed a wizard
 12586 | D:9      | Found Xytwuvez's Distillery.
 12732 | D:6      | Bought the amulet "Hosiy" {RegenMP Fragile Will+ Int+6
                  | Dex-3} for 433 gold pieces
 12808 | D:4      | Lost mutation: Your spells are a little easier to cast, but
                  | a little less powerful. [potion of mutation]
 12808 | D:4      | Lost mutation: You are partially covered in large bone
                  | plates. (SH +4) [potion of mutation]
 12808 | D:4      | Gained mutation: You occasionally shout uncontrollably at
                  | your foes. [potion of mutation]
 12808 | D:4      | Gained mutation: You are frail. (-10% HP) [potion of
                  | mutation]
 12808 | D:4      | Gained mutation: Your flesh is heat resistant. (rF+)
                  | [potion of mutation]
 13063 | D:9      | Noticed a two-headed ogre
 13073 | D:9      | HP: 3/81 [two-headed ogre/+0 dire flail (13)]
 13073 | D:9      | Slain by a two-headed ogre
 13074 | D:9      | Reached XP level 10. HP: -2/76 MP: 11/11
 13095 | D:9      | Killed a two-headed ogre
 13114 | D:10     | Entered Level 10 of the Dungeon
 13406 | D:9      | Noticed a deep elf pyromancer
 13418 | D:9      | Killed a deep elf pyromancer
 13433 | D:9      | Noticed a deep elf pyromancer
 13436 | D:9      | Killed a deep elf pyromancer
 13558 | D:9      | Found a viscous altar of Jiyva.
 13565 | D:9      | Reached XP level 11. HP: 52/54 MP: 12/12
 13581 | D:9      | Slain by wpisznazwe's ghost
 13582 | D:9      | Reached XP level 10. HP: 0/51 MP: 11/11
 13605 | D:9      | Fell from the grace of Ru
 13605 | D:9      | Became a worshipper of Jiyva Jeoggigh the Shapeless
 13623 | D:9      | Killed wpisznazwe's ghost
 13624 | D:9      | HP: 2/51 [poisoned by wpisznazwe's ghost]
 13626 | D:9      | Succumbed to wpisznazwe's ghost's poison

Illustrated notes

Levels and vault maps discovered:
D:1:      psy_arrival_terrarium, layout_loops_ring, minmay_misc_feat_cross
D:2:      layout_basic, shapermc_ecumenical_altar_hornbeckon,
          minmay_misc_feat_hallway, minmay_box_of_dots, uniq_jessica
D:3:      layout_loops_ring, hellmonk_ghost_happy_afterlife
D:4:      layout_layer_cave
D:5:      layout_rooms, mainiacjoe_overflow_two_lobes, grunt_qazlal_clouds,
          minmay_temple_entry_arrows
D:6:      layout_loops_cross, serial_shops, shop, dreamdust_wishing_well
D:7:      layout_basic, minmay_manual_mandibuliform
D:8:      layout_basic, enter_bailey_5, serial_shops, nicolae_diamond_shop
D:9:      minmay_diamond_stairs, layout_rooms,
          mainiacjoe_overflow_catch_the_wave, gammafunk_ghost_ooze,
          serial_shops, nicolae_shop_trees, hangedman_minor_magic, uniq_harold
D:10:     layout_basic, minmay_puff
Temple:   nicolae_temple_bog_church

Skill      XL: |  1  2  3  4  5  6  7  8  9 10 11 |
---------------+----------------------------------+-----
Stealth        | 4 5 6 7 8 9 10 12 | 12.7
Evocations     | 1 3 4 6 |  6.0
Dodging        | 6 8 11 10 | 11.3
Fighting       | 4 6 14 15 | 15.0
Unarmed Combat | 4 6 8 |  8.8

Action                   |  1- 3 |  4- 6 |  7- 9 | 10-12 || total
-------------------------+-------+-------+-------+-------++-------
Melee: Unarmed           |    48 |    94 |   421 |   295 ||   858
       Bite              |     2 |    13 |    44 |    40 ||    99
       Punch             |     1 |     2 |    12 |    18 ||    33
Invok: Sacrifice Arcana  |       |       |     1 |       ||     1
       Reject Sacrifices |       |       |       |     1 ||     1
Evoke: Wand              |       |     4 |    26 |     6 ||    36
  Use: Scroll            |     2 |    11 |     2 |     2 ||    17
       Potion            |     2 |     5 |     8 |     9 ||    24
 Stab: Sleeping          |    14 |    10 |    21 |    19 ||    64
       Invisible         |       |     4 |     1 |       ||     5
       Distracted        |       |     1 |     2 |       ||     3
Armor: Skin              |     2 |       |    30 |    34 ||    66
Dodge: Dodged            |    34 |    67 |   416 |   312 ||   829
Block: Other             |       |       |    30 |    35 ||    65

Table legend: (Time is in decaauts)
 A = Elapsed time spent in this place.
 B = Non-inter-level travel time spent in this place.
 C = Inter-level travel time spent in this place.
 D = Time resting spent in this place.
 E = Time spent auto-exploring this place.
 F = Levels seen in this place.
 G = Mean time per level.
                   A        B        C        D        E       F      G
               +--------+--------+--------+--------+--------+-----+--------+
         Total |  12060 |  11511 |    549 |   4050 |   5190 |  12 | 1005.0 |
       Dungeon |  10426 |   9897 |    529 |   2940 |   5034 |  10 | 1042.6 |
        Temple |    165 |    145 |     20 |      0 |    130 |   1 |  165.0 |
        Bailey |   1468 |   1468 |      0 |   1110 |     25 |   1 | 1468.0 |
               +--------+--------+--------+--------+--------+-----+--------+

Top non-repeatable levels by time:
     D:8: 2072 daAuts
     D:4: 1635 daAuts
  Bailey: 1468 daAuts
     D:6: 1230 daAuts
     D:5: 1212 daAuts
     D:2: 933 daAuts
     D:7: 894 daAuts
     D:3: 876 daAuts
     D:9: 812 daAuts
     D:1: 562 daAuts
    D:10: 196 daAuts
  Temple: 165 daAuts
